 Dungeon Crawl Stone Soup version 0.20.0-4-g10b340a (webtiles) character file.

9144 shinino the Cleaver (level 11, 0/87 HPs)
             Began as a Formicid Fighter on May 27, 2017.
             Was a High Priest of Okawaru.
             Incinerated by a smoke demon (3 damage)
             ... with a sticky flame
             ... on level 2 of the Abyss.
             The game lasted 00:36:02 (11676 turns).

shinino the Cleaver (Formicid Fighter)             Turns: 11676, Time: 00:36:03

Health: 0/87       AC: 20    Str: 27    XL:     11   Next: 68%
Magic:  10/11      EV:  7    Int:  7    God:    Okawaru [*****.]
Gold:   235        SH: 12    Dex: 13    Spells: 10/10 levels left

rFire    . . .     SeeInvis +   a - +0 battleaxe
rCold    . . .     Gourm    .   c - +0 shield
rNeg     . . .     Faith    .   z - +1 plate armour
rPois    .         Spirit   .   (helmet unavailable)
rElec    .         Reflect  .   o - +2 cloak {+Inv}
rCorr    .         Harm     .   x - +0 pair of gloves
MR       +....                  (no boots)
Stlth    ..........             (no amulet)
Regen    0.3/turn               (no ring)
MPRegen  0.2/turn               (no ring)

@: mighty, liquid flames, glowing
A: permanent stasis, dig shafts and tunnels, four strong arms, antennae 3,
mutation resistance 1, shaggy fur 1, subdued magic 1
a: Dig, Shaft Self, Heroism, Finesse, Renounce Religion, Evoke Invisibility


You were on level 2 of the Abyss.
You worshipped Okawaru.
Okawaru was extremely pleased with you.
You were hungry.

You visited 2 branches of the dungeon, and saw 10 of its levels.
You visited the Abyss 1 time.
You also visited: Bailey.

You collected 504 gold pieces.
You spent 269 gold pieces at shops.

Inventory:

Hand Weapons
 a - a +0 battleaxe (weapon)
Missiles
 p - 8 javelins of returning (quivered)
Armour
 c - a +0 shield (worn)
 o - a +2 cloak of invisibility (worn)
 x - a +0 pair of gloves (worn)
 z - a +1 plate armour (worn)
Scrolls
 h - 2 scrolls of remove curse
 i - 3 scrolls of enchant weapon
 j - a scroll of amnesia
 l - a scroll of fear
 q - 3 scrolls of fog
 t - 5 scrolls of immolation
 y - 2 scrolls of magic mapping
Potions
 d - a potion of might
 e - 2 potions of agility
 g - a potion of berserk rage {unknown}
 m - 2 potions of invisibility {unknown}
 n - a potion of ambrosia {unknown}
 w - 3 potions of brilliance {unknown}
 D - a potion of flight {unknown}
Comestibles
 f - 8 bread rations
 B - 4 royal jellies
 C - 3 meat rations


   Skills:
 + Level 8.7 Fighting
 + Level 12.1 Axes
 + Level 3.9 Throwing
 + Level 8.7 Armour
 - Level 8.1 Shields


You had 10 spell levels left.
You didn't know any spells.

Dungeon Overview and Level Annotations

Branches:
Dungeon (9/15)             Temple (1/1) D:5             Orc (0/2) D:9
   Lair: D:8-11

Altars:
Ashenzari
Cheibriados
Dithmenos
Elyvilon
Fedhas
Gozag
Hepliaklqana
Kikubaaqudgha
Makhleb
Nemelex Xobeh
Okawaru
Qazlal
Ru
Sif Muna
Trog
Uskayaw
Vehumet
Xom
Yredelemnul
Zin
The Shining One
Beogh

Shops:
D:7 ?   D:8 *

Annotations:
D:8 exclusion: ice statue


Innate Abilities, Weirdness & Mutations

You cannot be hasted, slowed, berserked, paralysed or teleported.
You can dig through walls and to a lower floor.
Your four strong arms can wield two-handed weapons with a shield.
You have a pair of large antennae on your head. (SInv)
You are somewhat resistant to further mutation.
You are covered in fur. (AC +1)
Your spells are a little easier to cast, but a little less powerful.


Message History

You hear a loud clanging noise!
It was a scroll of noise.
You hear a shout! x2; You hear a bark!
The smoke demon hits you but does no damage.
You block the smoke demon's attack.
The smoke demon hits you but does no damage.
The small abomination hits you but does no damage.
As you read the scroll labeled DAUSSA YMEIHA, it crumbles to dust.
It is a scroll of recharging.
You aren't carrying any rechargeable items.
You feel like a meek peon again. The smoke demon gestures at you.
The sticky flame hits you!
You are covered in liquid flames!
You block the small abomination's attack.
As you read the scroll labeled TEUMOBIXOA, it crumbles to dust.
It is a scroll of enchant armour.
Your +0 plate armour glows green for a moment.
You are covered in liquid flames!
You die...

.. . . . . {{ . .
# ... . .. .. #
#. .# .. .. .....
########....
#..##.x@3........
#......#∩....#
#.....#.#......#
#...#########..#
#### ..# ..# ...
.#.


You could see a smoke demon and a small abomination.

Vanquished Creatures
  The ghost of KSB the Cleaver, a novice MiBe of Trog (D:9)
  2 two-headed ogres
  The ghost of cfbundy the Covert, a novice FoEn (D:7)
  Grinder (D:3)
  A yak (D:7)
  A ynoxinul (Abyss:2)
  A human (D:7)
  A hungry ghost (D:7)
  Eustachio (D:6)
  3 hogs (D:7)
  Duvessa (D:6)
  18 orc warriors
  3 sky beasts
  2 black bears
  An ice beast (D:9)
  3 phantoms
  An ogre (D:9)
  A large abomination (Abyss:2)
  10 centaurs
  A small abomination (Abyss:2)
  5 bullfrogs
  Dowan (D:6)
  A scorpion (D:5)
  4 killer bees (D:9)
  2 crimson imps
  A bullfrog zombie (D:5)
  2 jellies
  6 orc priests
  Crazy Yiuf (D:2)
  3 hounds
  6 orc wizards
  A bullfrog skeleton (D:5)
  3 iguanas
  2 worker ants
  A killer bee zombie (D:9)
  A hound zombie (D:8)
  Robin (D:2)
  6 gnolls
  10 adders
  A shadow imp (D:5)
  2 ufetubi (D:8)
  2 oozes
  2 worms
  4 dart slugs
  6 leopard geckos
  64 orcs
  3 giant cockroaches
  19 goblins
  6 hobgoblins
  12 jackals
  6 quokkas
  2 ball pythons
  A ball python zombie (D:5)
  7 bats
  8 frilled lizards
  A giant cockroach zombie (D:5)
  7 kobolds
  A leopard gecko skeleton (D:5)
  A leopard gecko zombie (D:6)
  A quokka skeleton (D:5)
  3 rats
270 creatures vanquished.

Notes
Turn   | Place    | Note
-------+----------+-------------------------------------------
     0 | D:1      | shinino the Formicid Fighter began the quest for the Orb.
     0 | D:1      | Reached XP level 1. HP: 18/18 MP: 1/1
    37 | D:1      | Reached XP level 2. HP: 24/24 MP: 2/2
   101 | D:1      | Found a sparkling altar of Nemelex Xobeh.
   127 | D:1      | Reached skill level 3 in Axes
   150 | D:1      | Reached XP level 3. HP: 23/29 MP: 3/3
  1023 | D:2      | Reached XP level 4. HP: 35/35 MP: 4/4
  1032 | D:2      | Found a runed door.
  1053 | D:2      | Reached skill level 4 in Axes
  1268 | D:2      | Noticed Robin
  1297 | D:2      | Killed Robin
  1387 | D:2      | Reached XP level 5. HP: 30/41 MP: 5/5
  1676 | D:2      | Noticed Crazy Yiuf
  1679 | D:2      | Killed Crazy Yiuf
  1679 | D:2      | Reached skill level 5 in Axes
  1808 | D:3      | Noticed Grinder
  1843 | D:3      | Killed Grinder
  1843 | D:3      | Reached skill level 6 in Axes
  1843 | D:3      | Reached XP level 6. HP: 19/47 MP: 6/6
  2226 | D:3      | Reached XP level 7. HP: 46/52 MP: 7/7
  2398 | D:3      | Reached skill level 7 in Axes
  2903 | D:4      | Found an ancient bone altar of Kikubaaqudgha.
  2935 | D:4      | Found a white marble altar of Elyvilon.
  3515 | D:5      | Entered Level 5 of the Dungeon
  3598 | D:5      | Reached skill level 8 in Axes
  3659 | D:5      | Found a staircase to the Ecumenical Temple.
  3720 | Temple   | Entered the Ecumenical Temple
  3942 | Temple   | Became a worshipper of Warmaster Okawaru
  4485 | D:6      | Noticed Eustachio
  4495 | D:6      | Reached XP level 8. HP: 54/58 MP: 8/8
  4587 | D:6      | Killed Eustachio
  4587 | D:6      | Reached skill level 9 in Axes
  4606 | D:6      | Noticed Dowan
  4608 | D:6      | Noticed Duvessa
  4630 | D:6      | Killed Dowan
  4631 | D:6      | Killed Duvessa
  4975 | D:6      | Reached * piety under Okawaru
  4975 | D:6      | Reached skill level 10 in Axes
  5209 | D:6      | Found an opulent altar of Gozag.
  5336 | D:6      | Reached XP level 9. HP: 29/65 MP: 9/9
  6031 | D:5      | Noticed a two-headed ogre
  6045 | D:5      | Killed a two-headed ogre
  6045 | D:5      | Reached ** piety under Okawaru
  6045 | D:5      | Reached skill level 5 in Fighting
  6045 | D:5      | Reached skill level 5 in Armour
  6045 | D:5      | Reached skill level 5 in Shields
  6083 | D:7      | Noticed cfbundy's ghost (novice FoEn)
  6138 | D:7      | Killed cfbundy's ghost
  6138 | D:7      | Reached XP level 10. HP: 51/76 MP: 10/10
  6395 | D:7      | Found Vori's Magic Scroll Shop.
  6453 | D:7      | Gained mutation: Your spells are a little easier to cast, but a little less powerful. [mutagenic meat]
  6454 | D:7      | Gained mutation: You are covered in fur. (AC +1) [mutagenic meat]
  6456 | D:7      | Gained mutation: You are somewhat resistant to further mutation. [mutagenic meat]
  6556 | D:7      | Bought a scroll of identify for 30 gold pieces
  6556 | D:7      | Bought a scroll of identify for 30 gold pieces
  6556 | D:7      | Bought a scroll of identify for 30 gold pieces
  6563 | D:7      | Bought a scroll of remove curse for 45 gold pieces
  6563 | D:7      | Bought a scroll of fog for 30 gold pieces
  6563 | D:7      | Bought a scroll of amnesia for 52 gold pieces
  6563 | D:7      | Bought a scroll of fear for 52 gold pieces
  6673 | D:7      | Reached skill level 11 in Axes
  6675 | D:7      | Reached *** piety under Okawaru
  7331 | D:8      | Noticed an ice devil
  7336 | D:8      | Noticed an ice devil
  7357 | D:8      | Found Saamamm's Elemental Accessories.
  7408 | D:8      | Found a flagged portal.
  7598 | Bailey   | Entered a bailey
  8171 | Bailey   | Reached **** piety under Okawaru
  8723 | Bailey   | Reached XP level 11. HP: 78/84 MP: 11/11
  8731 | Bailey   | Reached skill level 1 in Throwing
  9963 | D:9      | Noticed KSB's ghost (novice MiBe)
 10005 | D:9      | Killed KSB's ghost
 10035 | D:9      | Noticed a two-headed ogre
 10388 | D:9      | Killed a two-headed ogre
 10638 | D:9      | Found a roughly hewn altar of Beogh.
 10638 | D:9      | Found a staircase to the Orcish Mines.
 10986 | D:9      | Reached skill level 12 in Axes
 11022 | D:9      | Reached ***** piety under Okawaru
 11483 | D:9      | Cast into level 2 of the Abyss (gnoll sergeant)
 11672 | Abyss:2  | HP: 2/87 [smoke demon/divine providence (11)]
 11676 | Abyss:2  | Incinerated by a smoke demon

Skill      XL: |  1  2  3  4  5  6  7  8  9 10 11 |
---------------+----------------------------------+-----
Axes           | 3 4 6 8 10 11 12 | 12.1
Shields        | 4 6 8 |  8.1
Fighting       | 5 7 8 |  8.7
Armour         | 5 7 8 |  8.7
Throwing       | 3 |  3.9

Action                   |  1- 3 |  4- 6 |  7- 9 | 10-12 || total
-------------------------+-------+-------+-------+-------++-------
Melee: War axe           |   103 |   123 |   338 |   375 ||   939
       Battleaxe         |       |       |       |   122 ||   122
Throw: Javelin           |       |       |       |    12 ||    12
Invok: Heroism           |       |       |     1 |    12 ||    13
Evoke: Wand              |       |       |       |    35 ||    35
  Use: Potion            |       |       |     1 |     5 ||     6
       Scroll            |       |       |     1 |    13 ||    14
  Eat: Chunk             |       |     5 |     8 |    25 ||    38
       Royal jelly       |       |       |     2 |     1 ||     3
Armor: Scale mail        |    41 |       |       |       ||    41
       Chain mail        |    10 |    87 |   210 |       ||   307
       Plate armour      |       |       |    29 |   244 ||   273
Dodge: Dodged            |    32 |    36 |    91 |   115 ||   274
Block: Shield            |    60 |    81 |   192 |   309 ||   642
